 Dungeon Crawl Stone Soup version 0.29-a0-218-gf2abdc9806 (webtiles) character file.

Game seed: 17400802344837138465

4 Morbidden the Ruffian (level 1, 0/16 HPs)
             Began as a Draconian Transmuter on Feb 25, 2022.
             Slain by a quokka (1 damage)
             ... on level 1 of the Dungeon.
             The game lasted 00:00:12 (37 turns).

Morbidden the Ruffian (Draconian Transmuter)          Turns: 37, Time: 00:00:12

Health: 0/16       AC:  4    Str: 12    XL:     1   Next: 50%
Magic:  2/3        EV: 12    Int: 13    God:
Gold:   12         SH:  0    Dex: 11    Spells: 3/4 levels left

rFire   . . .      SeeInvis .     - Unarmed
rCold   . . .      Faith    .   (no shield)
rNeg    . . .      Spirit   .   (body armour unavailable)
rPois   .          Reflect  .   (helmet currently unavailable)
rElec   .          Harm     .   (no cloak)
rCorr   .          Rampage  .   (no gloves)
Will    .....                   (boots currently unavailable)
Stlth   +.........              (no amulet)
HPRegen 0.05/turn               (no ring)
MPRegen 0.08/turn               (no ring)

@: appendages
A: horns 2, talons 2, AC +4, unfitting armour, cold-blooded
a: End Transformation


You were on level 1 of the Dungeon.
You had temporarily grown beastly horns and talons.
You visited 1 branch of the dungeon, and saw 1 of its levels.

You collected 12 gold pieces.

You aren't carrying anything.


   Skills:
 * Level 1.2 Fighting
 + Level 1.8 Dodging
 + Level 3.1 Unarmed Combat
 * Level 2.0 Spellcasting
 * Level 2.0 Transmutations


You had 3 spell levels left.
You knew the following spells:

 Your Spells              Type           Power      Damage    Failure   Level
a - Beastly Appendage     Tmut           12%        N/A       11%         1

Your spell library contained the following spells:

 Spells                   Type           Power      Damage    Failure   Level
 Wereblood                Tmut           6%         N/A       17%         2
 Spider Form              Tmut/Pois      4%         N/A       45%         3
 Ice Form                 Ice/Tmut       4%         N/A       86%         4


Dungeon Overview and Level Annotations

Branches:
Dungeon (1/15)

Altars:


Innate Abilities, Weirdness & Mutations

You have temporarily grown beastly horns and talons.
Your plain brown scales are hard. (AC +4)
You cannot fit into any form of body armour.
You are cold-blooded and may be slowed by cold attacks.


Message History

The jackal is severely wounded.
The jackal barely misses you. The quokka closely misses you.
The endoplasm hits you. The rat barely misses you.
You hit the jackal.
You kill the jackal!
The quokka closely misses you. The rat bites you.
The endoplasm barely misses you.
Unknown command.
You are too injured to fight recklessly!
The quokka bites you.
Your horns disappear.
Your talons disappear.
The quokka closely misses you.
The endoplasm jiggles.
Save game and exit?
Welcome back, Morbidden the Draconian Transmuter.
Press ? for a list of commands and other information.
Unknown command.
The quokka completely misses you.
Casting: Beastly Appendage (safe; 11% risk of failure)
Confirm with . or Enter, or press ? or * to list all spells.
You grow a pair of large bovine horns.
Your feet morph into talons.
The quokka bites you.
* * * LOW HITPOINT WARNING * * *
Unknown command.
You closely miss the quokka.
The quokka bites you but does no damage.
The quokka bites you.
* * * LOW HITPOINT WARNING * * *
Unknown command.
You hit the quokka. Your headbutt misses the quokka.
Your tail-slap misses the quokka.
The quokka is moderately wounded.
The quokka bites you.
* * * LOW HITPOINT WARNING * * *
Unknown command.
You miss the quokka. Your kick misses the quokka.
Your headbutt misses the quokka.
The quokka is moderately wounded.
The quokka bites you.
You die...

$. #.... #........#.##
#≈≈###≈≈###............
§...#....#...........#
.)..≈....≈....††...#
..?.≈.⌠<.≈.........#
....≈....≈........##
.$..#....#[........#
... ##≈≈#'.........# ##
#.@rJr.........#
#####..........#
#.)........#
##........## ##......##
########


You could see an endoplasm, a quokka and a rat.

Vanquished Creatures
  3 jackals (D:1)
3 creatures vanquished.

Notes
Turn   | Place    | Note
-------+----------+-------------------------------------------
     0 | D:1      | Morbidden the Draconian Transmuter began the quest for the
                  | Orb.
     0 | D:1      | Reached XP level 1. HP: 16/16 MP: 3/3
    37 | D:1      | Slain by a quokka

Illustrated notes

Levels and vault maps discovered:
D:1:      dpeg_arrival_rooms_with_view, layout_rooms, minmay_lizard_king

Action                   || total
-------------------------++-------
Melee: Unarmed           ||    12
       Kick              ||     3
       Headbutt          ||     1
 Cast: Beastly Appendage ||     2
Armor: Skin              ||     3
Dodge: Dodged            ||    21

Table legend: (Time is in decaauts)
 A = Elapsed time spent in this place.
 B = Non-inter-level travel time spent in this place.
 C = Inter-level travel time spent in this place.
 D = Time resting spent in this place.
 E = Time spent auto-exploring this place.
 F = Levels seen in this place.
 G = Mean time per level.
                   A        B        C        D        E       F      G
               +--------+--------+--------+--------+--------+-----+--------+
         Total |     36 |     36 |      0 |      0 |     11 |   1 |   36.0 |
       Dungeon |     36 |     36 |      0 |      0 |     11 |   1 |   36.0 |
               +--------+--------+--------+--------+--------+-----+--------+

Top non-repeatable levels by time:
     D:1: 36 daAuts
